AoeStats
← Vek Reversal

Arena

509663398Analyzed
3v3 RM · 4d ago on Sep 27, 2026· 84m 10s· 6 players
Game mode
Random Map
Map size
Normal (6 player)
Population
200
Speed
Normal
Resources
Standard
Victory
Conquest
Starting age
Dark Age
Ending age
Imperial Age
RankedLock teamsTeams togetherTeam positionsShared explorationLock speedFull tech treeHidden civsTurbo modeCheats
Victory
Defeat
🇧🇩 Hindustanis · Bangladesh
1226
+17
🇬🇧 Romans · United Kingdom
1202
+18
🇬🇧 Persians · United Kingdom
1200
+18
🇬🇧 Teutons · United Kingdom
1288
-20
🇬🇧 Varangians · United Kingdom
1230
-17
🇺🇸 Cumans · United States
1212
-16
andylo16
10:42 Feudal Age
17:16 Castle Age
15:59 Double-Bit Axe
15:58 Horse Collar
25:18 Wheelbarrow
26:22 Heavy Plow
26:36 Bow Saw
27:33 Ballistas
27:39 Gold Mining
27:48 Stone Mining
28:10 Fletching
36:08 Squires
37:15 Pikeman
44:16 Imperial Age
44:23 Heavy Scorpion
46:17 Chemistry
45:24 Siege Engineers
45:40 Ballistics
60:15 Capped Ram
75:51 Siege Ram
Vek Reversal
0:26 Loom
10:54 Feudal Age
12:06 Wheelbarrow
14:56 Castle Age
12:50 Double-Bit Axe
13:58 Horse Collar
16:34 Bow Saw
25:42 Kamandaran
26:34 Ballistics
26:11 Fletching
26:21 Padded Archer Armor
25:46 Elite Skirmisher
27:33 Bodkin Arrow
27:32 Crossbowman
28:18 Thumb Ring
28:31 Leather Archer Armor
29:38 Leather Archer Armor
29:20 Pikeman
30:00 Squires
30:13 Forging
30:03 Scale Mail Armor
32:44 Iron Casting
32:25 Chain Mail Armor
33:46 Chain Mail Armor
38:11 Imperial Age
35:59 Hand Cart
36:43 Heavy Plow
37:19 Arson
39:06 Coinage
38:11 Halberdier
40:46 Two-Man Saw
40:29 Banking
47:44 Chemistry
51:05 Plate Mail Armor
69:38 Elite Skirmisher
80:52 Crop Rotation
Kamrul007
8:06 Loom
11:08 Feudal Age
15:58 Castle Age
13:48 Double-Bit Axe
14:00 Horse Collar
15:31 Town Watch
16:42 Scale Mail Armor
17:03 Stone Mining
20:33 Gold Mining
22:59 Bow Saw
24:12 Wheelbarrow
24:30 Heavy Plow
30:08 Imperial Age
28:43 Bloodlines
28:33 Husbandry
28:46 Forging
28:41 Scale Barding Armor
29:24 Hand Cart
30:00 Town Patrol
30:41 Gold Shaft Mining
30:42 Stone Shaft Mining
30:41 Murder Holes
30:57 Fortified Wall
31:08 Ballistics
31:30 Conscription
31:20 Grand Trunk Road
34:32 Chemistry
33:16 Heavy Camel Rider
38:13 Arson
38:29 Squires
40:41 Two-Man Saw
41:03 Siege Elephant
46:23 Light Cavalry
47:12 Hussar
48:50 Caravan
60:03 Heavy Camel Rider
62:14 Iron Casting
62:00 Chain Barding Armor
62:44 Imperial Camel Rider
64:42 Blast Furnace
68:31 Plate Barding Armor
D0cTOrSniper
10:12 Feudal Age
14:08 Castle Age
13:18 Double-Bit Axe
13:18 Horse Collar
16:54 Scale Barding Armor
17:00 Forging
22:11 Heavy Plow
22:34 Bow Saw
25:00 Chain Barding Armor
26:10 Loom
31:01 Bloodlines
30:52 Husbandry
36:32 Wheelbarrow
38:58 Imperial Age
38:12 Hand Cart
41:20 Chemistry
40:45 Ballistics
40:27 Heavy Scorpion
42:11 Siege Engineers
42:55 Capped Ram
44:32 Arson
44:48 Squires
44:33 Gambesons
45:34 Conscription
44:59 Elite Varangian Guard
45:41 Scale Mail Armor
45:34 Fletching
47:45 Chain Mail Armor
48:06 Iron Casting
48:34 Light Cavalry
49:54 Plate Barding Armor
50:00 Iron Casting
49:20 Hussar
53:06 Blast Furnace
57:05 Bodkin Arrow
57:42 Plate Mail Armor
61:04 Fortified Wall
61:05 Masonry
Calum1Ltv
10:15 Feudal Age
14:04 Castle Age
11:51 Double-Bit Axe
12:19 Horse Collar
15:15 Bow Saw
17:08 Wheelbarrow
18:31 Loom
22:31 Gold Mining
23:44 Hand Cart
24:27 Heavy Plow
24:55 Town Watch
28:33 Imperial Age
27:33 Masonry
27:30 Stone Mining
28:37 Forging
28:28 Scale Mail Armor
28:37 Squires
29:06 Scale Mail Armor
28:58 Fletching
29:36 Conscription
29:54 Iron Casting
28:42 Capped Ram
30:34 Chemistry
29:43 Arson
30:19 Chain Mail Armor
30:26 Town Patrol
30:26 Bodkin Arrow
30:22 Pikeman
32:05 Elite Teutonic Knight
34:43 Blast Furnace
34:15 Plate Mail Armor
34:08 Town Patrol
34:17 Onager
35:50 Scale Barding Armor
36:28 Bloodlines
37:23 Siege Engineers
37:09 Guard Tower
37:05 Arrowslits
37:30 Fortified Wall
37:32 Caravan
38:03 Coinage
37:43 Guilds
37:22 Cavalier
37:28 Siege Onager
38:50 Crenellations
39:36 Chain Barding Armor
40:50 Ballistics
41:16 Crop Rotation
40:17 Halberdier
41:35 Plate Barding Armor
45:11 Banking
44:19 Cavalier
46:36 Paladin
62:06 Keep
61:51 Bombard Tower
Bostonstrain
6:37 Loom
9:35 Feudal Age
14:15 Wheelbarrow
13:46 Double-Bit Axe
14:14 Horse Collar
16:53 Gold Mining
20:50 Scale Barding Armor
20:56 Forging
21:00 Bloodlines
24:31 Castle Age
25:34 Chain Barding Armor
25:49 Iron Casting
25:18 Capped Ram
29:10 Heavy Plow
30:10 Hand Cart
34:01 Gold Shaft Mining
33:28 Light Cavalry
36:24 Bow Saw
36:24 Fletching
37:28 Bodkin Arrow
37:33 Padded Archer Armor
40:51 Imperial Age
39:21 Leather Archer Armor
39:51 Thumb Ring
40:08 Stone Mining
40:53 Ballistics
41:15 Steppe Husbandry
42:54 Conscription
44:52 Hussar
46:41 Plate Barding Armor
47:08 Blast Furnace
47:29 Cavalier
48:57 Elite Kipchak
57:39 Paladin
61:51 Onager
63:26 Elite Skirmisher
66:44 Siege Onager
71:43 Ring Archer Armor
71:14 Scale Mail Armor
Connection lost

Rejoining the realm…

Still unreachable

The connection could not be restored.

Session expired

The server has moved on; the page needs a fresh start.